AoeStats
← VN_Saulo

Arabia

510467311Analyzed
1v1 RM · 3d ago on Oct 1, 2026· 38m 48s· 2 players
Game mode
Random Map
Map size
Tiny (2 player)
Population
200
Speed
Normal
Resources
Standard
Victory
Conquest
Starting age
Dark Age
Ending age
Imperial Age
RankedLock teamsTeams togetherTeam positionsShared explorationLock speedFull tech treeHidden civsTurbo modeCheats
Victory
Defeat
🇦🇷 Ethiopians · Argentina
1471
+14
🇻🇳 Berbers · Vietnam
1424
-14
VN_Saulo
1:51 Loom
11:29 Feudal Age
17:15 Fletching
20:33 Padded Archer Armor
20:40 Double-Bit Axe
27:47 Castle Age
Luclas
7:30 Loom
10:18 Feudal Age
10:46 Double-Bit Axe
10:23 Man-at-Arms
18:56 Fletching
23:54 Castle Age
23:48 Padded Archer Armor
23:32 Horse Collar
23:58 Crossbowman
24:44 Thumb Ring
26:16 Bodkin Arrow
Connection lost

Rejoining the realm…

Still unreachable

The connection could not be restored.

Session expired

The server has moved on; the page needs a fresh start.